3043 views
Uploaded 2020-01-21 19:16:05
Game version 1.32.0.6
1:32 long 3on3 ladder game on (6)RuinsOfStratholme
Saved by iggythefisk
3043 views
Uploaded 2020-01-21 19:16:05
Game version 1.32.0.6
1:32 long 3on3 ladder game on (6)RuinsOfStratholme


/ 0k
16 buildings @ 1.6k
/ 0.4k
| Peasant | 7 | 525 | / | 0 |
| total: | 7 | 525g | / | 0w |
| Scout Tower | 3 | 90 | / | 60 |
| Altar of Kings | 1 | 180 | / | 50 |
| Farm | 2 | 160 | / | 40 |
| Lumber Mill | 1 | 120 | / | 0 |
| total: | 7 | 550g | / | 150w |
| 0:01 | Peasant |
| 0:05 | Altar of Kings |
| 0:07 | Peasant |
| 0:19 | Peasant |
| 0:24 | Farm |
| 0:29 | Peasant |
| 0:33 | Lumber Mill |
| 0:35 | Peasant |
| 0:45 | Farm |
| 0:56 | Peasant |
| 1:02 | Scout Tower |
| 1:09 | Scout Tower |
| 1:14 | Peasant |
| 1:22 | Scout Tower |
| Assign group | 136 |
| Right click | 30 |
| Select group | 20 |
| Select | 19 |
| Build/train/purchase | 8 |
| Peasant | 7 | 525 | / | 0 |
| total: | 7 | 525g | / | 0w |
| Scout Tower | 2 | 60 | / | 40 |
| Altar of Kings | 1 | 180 | / | 50 |
| Farm | 2 | 160 | / | 40 |
| Lumber Mill | 1 | 120 | / | 0 |
| total: | 6 | 520g | / | 130w |
| 0:02 | Peasant |
| 0:03 | Peasant |
| 0:11 | Altar of Kings |
| 0:19 | Farm |
| 0:20 | Peasant |
| 0:30 | Peasant |
| 0:46 | Peasant |
| 0:57 | Farm |
| 0:58 | Peasant |
| 1:10 | Lumber Mill |
| 1:13 | Scout Tower |
| 1:13 | Scout Tower |
| 1:22 | Peasant |
| Right click | 81 |
| Select | 34 |
| Build/train/purchase | 11 |
| Assign group | 2 |
| Wisp | 9 | 540 | / | 0 |
| total: | 9 | 540g | / | 0w |
| Altar of Elders | 1 | 180 | / | 50 |
| Moon Well | 2 | 360 | / | 80 |
| total: | 3 | 540g | / | 130w |
| 0:02 | Wisp |
| 0:02 | Wisp |
| 0:04 | Altar of Elders |
| 0:09 | Wisp |
| 0:27 | Moon Well |
| 0:30 | Wisp |
| 0:46 | Moon Well |
| 0:47 | Wisp |
| 0:47 | Wisp |
| 1:00 | Wisp |
| 1:21 | Wisp |
| 1:26 | Wisp |
| Right click | 40 |
| Select | 20 |
| Build/train/purchase | 10 |
| Minimap ping | 4 |
| Resource trade | 4 |
| Use ability | 1 |
/ 0k
12 buildings @ 2k
/ 0.6k
| Peon | 5 | 375 | / | 0 |
| total: | 5 | 375g | / | 0w |
| Altar of Storms | 1 | 180 | / | 50 |
| Orc Burrow | 2 | 320 | / | 80 |
| Barracks | 1 | 180 | / | 50 |
| total: | 4 | 680g | / | 180w |
| 0:02 | Peon |
| 0:02 | Peon |
| 0:06 | Altar of Storms |
| 0:18 | Orc Burrow |
| 0:21 | Peon |
| 0:45 | Peon |
| 1:09 | Barracks |
| 1:17 | Peon |
| 1:28 | Orc Burrow |
| Right click | 35 |
| Select group | 18 |
| Select | 17 |
| Build/train/purchase | 6 |
| Assign group | 2 |
| Wisp | 6 | 360 | / | 0 |
| Archer | 1 | 130 | / | 10 |
| total: | 7 | 490g | / | 10w |
| Altar of Elders | 1 | 180 | / | 50 |
| Moon Well | 1 | 180 | / | 40 |
| Ancient of War | 1 | 150 | / | 60 |
| total: | 3 | 510g | / | 150w |
| 0:07 | Altar of Elders |
| 0:10 | Moon Well |
| 0:12 | Wisp |
| 0:12 | Wisp |
| 0:30 | Ancient of War |
| 0:39 | Wisp |
| 0:50 | Wisp |
| 1:14 | Wisp |
| 1:14 | Wisp |
| 1:31 | Archer |
| Select | 18 |
| Right click | 11 |
| Build/train/purchase | 8 |
| Peon | 5 | 375 | / | 0 |
| total: | 5 | 375g | / | 0w |
| Altar of Storms | 1 | 180 | / | 50 |
| Orc Burrow | 1 | 160 | / | 40 |
| Barracks | 2 | 360 | / | 100 |
| Voodoo Lounge | 1 | 130 | / | 30 |
| total: | 5 | 830g | / | 220w |
| 0:04 | Altar of Storms |
| 0:08 | Orc Burrow |
| 0:10 | Peon |
| 0:10 | Peon |
| 0:38 | Barracks |
| 0:42 | Barracks |
| 0:47 | Peon |
| 1:11 | Peon |
| 1:13 | Peon |
| 1:24 | Voodoo Lounge |
| Select | 20 |
| Right click | 19 |
| Build/train/purchase | 6 |